 Dungeon Crawl Stone Soup version 0.30.0-17-ge0270778cf (webtiles) character file.

Game seed: 1283019787763582941

182 Sabo the Ducker (level 5, -1/53 HPs)
             Began as a Troll Fighter on May 22, 2023.
             Slain by a gnoll
             ... wielding a +0 halberd
              (18 damage)
             ... on level 4 of the Dungeon.
             The game lasted 00:13:23 (2552 turns).

Sabo the Ducker (Troll Fighter)                     Turns: 2552, Time: 00:13:24

Health: -1/53      AC:  4    Str: 24    XL:     5   Next: 35%
Magic:  4/4        EV:  9    Int:  4    God:
Gold:   202        SH:  8    Dex: 11    Spells: 4/4 levels left

rFire   . . .        m - +1 spear (heavy)
rCold   . . .        c - +0 kite shield
rNeg    . . .        b - +0 robe
rPois   .            (helmet restricted)
rElec   .            k - scarf {harm}
rCorr   .            (gloves unavailable)
SInv    .            (boots unavailable)
Will    .....        (no amulet)
Stlth   +            (no ring)
HPRegen 1.08/turn    (no ring)
MPRegen 0.09/turn

%: harm (+30% outgoing, +20% incoming)
@: no status effects
A: large, unfitting armour, claws 3, regeneration 1, shaggy fur 1, tough skin 1
a: no special abilities


You were on level 4 of the Dungeon.
You visited 1 branch of the dungeon, and saw 4 of its levels.

You collected 202 gold pieces.

Inventory:

Hand Weapons
 a - a +0 flail
 m - a +1 heavy spear (weapon)
 n - a +0 spear of venom
Missiles
 o - 13 poisoned darts (quivered)
Armour
 b - a +0 robe (worn)
 c - a +0 kite shield (worn)
 k - a scarf of harm (worn)
Wands
 u - a wand of digging (2)
Scrolls
 d - a scroll of enchant weapon
 e - a scroll of amnesia {unknown}
 g - 4 scrolls of teleportation
 p - a scroll of fog {unknown}
 r - a scroll of noise {unknown}
Potions
 h - a potion of attraction {unknown}
 i - 2 potions of haste {unknown}
 j - 2 potions of degeneration {unknown}
 l - a potion of mutation {unknown}
 q - a potion of lignification {unknown}
 s - 2 potions of curing {unknown}
 t - a potion of magic {unknown}


   Skills:
 + Level 3.1 Fighting
 + Level 2.5 Maces & Flails
 + Level 1.1 Polearms
 + Level 3.4 Dodging
 + Level 0.1 Stealth
 + Level 3.4 Shields


You had 4 spell levels left.
You didn't know any spells.
Your spell library was empty.

Dungeon Overview and Level Annotations

Branches:
Dungeon (4/15)
 Temple: D:4-7

Altars:
Qazlal

Portals:
Abyss: D:4

Annotations:
D:4 KingMidas's ghost, amateur FoHs


Innate Abilities, Weirdness & Mutations

You are too large for most types of armour.
You have claws for hands.
Your natural rate of healing is unusually fast.
You are covered in fur. (AC +1)
You have tough skin. (AC +1)


Message History

There is a stone staircase leading down here.
As you read the scroll of identify, it crumbles to dust.
d - a scroll of enchant weapon
There is a stone staircase leading down here.
You climb downwards.
Found 11 gold pieces.
There is a stone staircase leading up here.
Found a one-way gate to the infinite horrors of the Abyss.
Found a lead wand.
You now have 202 gold pieces (gained 11).
An endoplasm and a goblin come into view.
Found a Grand Grimoire.
The endoplasm quivers.
The goblin shouts!
You hear a shout! x3
An orc comes into view. It is wielding a +0 club.
The orc shouts!
A gnoll comes into view. It is wielding a +0 halberd.
You hit the endoplasm.
The endoplasm is moderately wounded.
The endoplasm freezes you.
You are frozen.
You hit the endoplasm.
The endoplasm is severely wounded.
The endoplasm hits you.
A gnoll comes into view. It is wielding a +0 halberd.
The endoplasm freezes you.
You are frozen.
The goblin hits you but does no damage.
You puncture the endoplasm!
You kill the endoplasm!
You block the goblin's attack. The orc hits you with a +0 club.
The goblin hits you but does no damage.
You hit the orc but do no damage.
The gnoll hits you from afar with a +0 halberd.
The orc hits you with a +0 club. You block the goblin's attack.
The orc hits you with a +0 club. You block the goblin's attack.
The gnoll hits you from afar with a +0 halberd!
You puncture the orc!
You kill the orc!
The gnoll hits you from afar with a +0 halberd! x2
You die...

.......###.##.###....
.##... #..##............
..#...##................
.......##......###....##
#.............##.##..##
##............#.# #.#
...........#..##.# ##
....../g.......# .# ∩
...:.g)@.......# .#
.....g...........# #
.................#x.
.#..............##.^
##............## #
....#.........#
.....##....#..## .....
.....#..#


You could see 2 gnolls and a goblin.

Vanquished Creatures
  Natasha (thrice) (D:3)
  3 adders (D:2)
  3 worms
  A dart slug (D:1)
  An orc (D:4)
  9 endoplasms
  3 giant cockroaches
  4 goblins
  4 hobgoblins
  14 jackals
  3 quokkas
  6 ball pythons
  4 bats
  3 frilled lizards
  2 kobolds
  4 rats
67 creatures vanquished.

Notes
Turn   | Place    | Note
-------+----------+-------------------------------------------
     0 | D:1      | Sabo the Troll Fighter began the quest for the Orb.
     0 | D:1      | Reached XP level 1. HP: 22/22 MP: 0/0
   125 | D:1      | Reached XP level 2. HP: 29/29 MP: 1/1
   627 | D:2      | Reached XP level 3. HP: 21/36 MP: 2/2
  1046 | D:2      | Reached XP level 4. HP: 41/44 MP: 3/3
  1843 | D:3      | Noticed Natasha
  1847 | D:3      | Killed Natasha
  1857 | D:3      | Noticed Natasha
  1871 | D:3      | Killed Natasha
  1872 | D:3      | Reached XP level 5. HP: 16/53 MP: 4/4
  1875 | D:3      | Noticed Natasha
  2002 | D:3      | Found a faded altar of an unknown god.
  2158 | D:3      | Found a stormy altar of Qazlal.
  2204 | D:3      | Reached skill level 1 in Polearms
  2474 | D:3      | Killed Natasha
  2530 | D:4      | Found a one-way gate to the infinite horrors of the Abyss.
  2530 | D:4      | Noticed KingMidas's ghost (amateur FoHs)
  2552 | D:4      | Slain by a gnoll

Illustrated notes

Levels and vault maps discovered:
D:1:      tarquinn_simple_flora_water_d, layout_rooms
D:2:      layout_basic, supply_closet_lemuel
D:3:      layout_basic, nicolae_qazlal_general_emergency,
          hellmonk_ecumenical_altar_zigzags, uniq_natasha
D:4:      layout_cave_pools, okawaru_altar_gauntlet_db,
          gammafunk_ghost_abyssal_escape

Skill      XL: |  1  2  3  4  5 |
---------------+----------------+-----
Shields        | 3 |  3.4
Maces & Flails | 2 |  2.5
Dodging        | 3 |  3.4
Fighting       | 3 |  3.1
Polearms       | 1 |  1.1
Stealth        | |  0.1

Action                     |  1- 3 |  4- 6 || total
---------------------------+-------+-------++-------
  Melee: Flail             |    97 |       ||    97
         Spear             |    16 |   123 ||   139
    Use: Scroll            |       |     3 ||     3
         Potion            |       |     1 ||     1
 Armour: Robe              |    47 |    65 ||   112
  Dodge: Dodged            |    80 |    73 ||   153
  Block: Kite shield       |    66 |    74 ||   140
